 Dungeon Crawl Stone Soup version 0.26.1-11-gd32895ea62 (webtiles) character file.

Game seed: 1538363461631408763

58 Descartes the Sneak (level 3, 0/15 HPs)
             Began as a Felid Transmuter on May 2, 2021.
             Slain by an orc wizard
             ... wielding a +0 dagger
              (2 damage)
             ... on level 3 of the Dungeon.
             The game lasted 00:04:58 (2846 turns).

Descartes the Sneak (Felid Transmuter)              Turns: 2846, Time: 00:04:59

Health: 0/15       AC:  5    Str:  7    XL:     3   Next: 76%
Magic:  7/7        EV: 19    Int: 14    God:
Gold:   254        SH:  0    Dex: 16    Spells: 5/6 levels left
                                        Lives:  0   Deaths: 1

rFire    . . .     SeeInvis +     - Unarmed
rCold    . . .     Faith    .   (shield unavailable)
rNeg     . . .     Spirit   .   (armour unavailable)
rPois    .         Reflect  .   (helmet unavailable)
rElec    .         Harm     .   (cloak unavailable)
rCorr    .         Rampage  .   (gloves unavailable)
Will     .....                  (boots unavailable)
Stlth    +++.......             (no amulet)
HPRegen  0.05/turn              i - +4 ring of protection
MPRegen  0.10/turn              (no ring)

@: appendages (expiring), quick
A: very small, no armour, no weapons or thrown items, stealth, claws 1, fangs 3,
horns 2, see invisible, speed 1, shaggy fur 1, sharp paws
a: End Transformation


You were on level 3 of the Dungeon.
You had grown temporary horns.
You visited 1 branch of the dungeon, and saw 3 of its levels.

You collected 254 gold pieces.

Inventory:

Missiles
 b - 102 stones
Jewellery
 i - a +4 ring of protection (left paw)
Scrolls
 c - a scroll of enchant weapon {unknown}
 d - 2 scrolls of enchant armour
 e - a scroll of noise {unknown}
 f - 3 scrolls of teleportation
 g - a scroll of remove curse
 j - a scroll of fog
 l - a scroll of identify
 m - a scroll of magic mapping {unknown}
Potions
 a - a potion of curing
 h - 2 potions of heal wounds
 k - a potion of brilliance


   Skills:
 - Level 1.0 Fighting
 + Level 3.5 Dodging
 - Level 5.0 Stealth
 + Level 3.5 Unarmed Combat
 - Level 2.0 Spellcasting
 - Level 2.1 Transmutations


You had 5 spell levels left.
You knew the following spells:

 Your Spells              Type           Power        Failure   Level
a - Beastly Appendage     Tmut           14%          10%         1

Your spell library contained the following spells:

 Spells                   Type           Power        Failure   Level
 Wereblood                Tmut           7%           14%         2
 Spider Form              Tmut/Pois      2%           41%         3
 Ice Form                 Ice/Tmut       4%           83%         4
 Blade Hands              Tmut           3%           95%         5


Dungeon Overview and Level Annotations

Branches:
Dungeon (3/15)

Altars:


Innate Abilities, Weirdness & Mutations

You cannot wear armour.
You are incapable of wielding weapons or throwing items.
Your paws allow you to move quietly. (Stealth)
You have sharp claws.
You have razor-sharp teeth.
You have supernaturally acute eyesight. (SInv)
You cover ground quickly.
You are covered in fur. (AC +1)
Your sharp claws are effective at attacking unaware monsters.
You have a pair of horns on your head.


Message History

You barely miss the orc wizard.
You headbutt the orc wizard, but do no damage.
The orc wizard is almost dead.
The orc wizard barely misses you. The orc barely misses you.
You closely miss the orc wizard.
The orc wizard is almost dead.
Your transformation is almost over.
The orc wizard closely misses you. The orc closely misses you.
The orc wizard miscasts a cantrip.
You barely miss the orc wizard.
The orc wizard is almost dead.
You feel sick.
You are no longer poisoned.
The orc misses you. The orc wizard barely misses you.
You scratch the orc wizard but do no damage.
The orc wizard is almost dead.
The orc wizard looks satisfied for a moment.
The orc completely misses you.
The orc wizard hits you with a +0 dagger.
You die...

#.#.#..<#.# #..###.#
##.#.#.###.####......###
##......................#
##...#.#######.....#####.##
##....#.#.....#.####.......#
#..................>.......#
###...#.#............####..#
######(#.#..o...#.###.####..#
#....#(#...o@...#... #[....#
#..g.###.##.###.#####.##..#
#.†#......#.)...#.....###.#
#)o#.####.####).#.#######.#
....#g. #.............
.......... #.##.########.
#.####...... #.##.# . #
#....o.. #.##.# . #........
#.##.#


You could see an orc wizard (fast) and an orc.

Vanquished Creatures
  3 adders
  2 worms (D:2)
  3 dart slugs
  A leopard gecko (D:1)
  2 orcs (D:3)
  A ball python (D:2)
  4 giant cockroaches
  8 goblins
  9 hobgoblins
  4 jackals (D:2)
  7 bats
  2 frilled lizards
  8 kobolds
  6 rats
60 creatures vanquished.

Notes
Turn   | Place    | Note
-------+----------+-------------------------------------------
     0 | D:1      | Descartes the Felid Transmuter began the quest for the Orb.
     0 | D:1      | Reached XP level 1. HP: 9/9 MP: 4/4
   193 | D:1      | Reached skill level 1 in Stealth
   270 | D:1      | Reached skill level 2 in Stealth
   300 | D:1      | Reached XP level 2. HP: 11/12 MP: 4/6
   375 | D:1      | Reached skill level 3 in Stealth
   947 | D:1      | Reached skill level 4 in Stealth
   949 | D:1      | Reached XP level 3. HP: 14/15 MP: 5/7
  2317 | D:2      | Reached XP level 4. HP: 18/19 MP: 6/8
  2698 | D:3      | Killed from afar by an orc wizard
  2699 | D:3      | Reached XP level 3. HP: 0/15 MP: 7/7
  2830 | D:3      | Reached skill level 5 in Stealth
  2846 | D:3      | Slain by an orc wizard

Illustrated notes

Levels and vault maps discovered:
D:1:      erik_arrival_blinker_ship, layout_loops_ring
D:2:      layout_loops_ring
D:3:      layout_basic, zin_treasury, gammafunk_temple_overflow_statue,
          nrook_loot_triangle, saegor_snake_ambush

Skill      XL: |  1  2  3 |
---------------+----------+-----
Stealth        | 2 4 5 |  5.0
Dodging        | 3 |  3.5
Fighting       | |  1.0
Unarmed Combat | |  3.5
Spellcasting   | |  2.0
Transmutations | |  2.1

Action                   |  1- 3 |  4- 6 || total
-------------------------+-------+-------++-------
Melee: Unarmed           |   141 |    25 ||   166
       Bite              |    13 |     3 ||    16
       Headbutt          |    17 |     3 ||    20
 Cast: Beastly Appendage |    36 |     3 ||    39
  Use: Scroll            |     7 |       ||     7
 Stab: Sleeping          |    15 |     1 ||    16
Armor: Skin              |    17 |     5 ||    22
Dodge: Dodged            |   102 |    32 ||   134
